 Dungeon Crawl Stone Soup version 0.30-a0-709-gcdc1b43e22 (webtiles) character file.

Game seed: 18370238536561658841

167 M4edhros the Insei (level 5, -1/33 HPs)
             Began as an Octopode Artificer on Jan 22, 2023.
             Asphyxiated
             ... in a sewer.
             The game lasted 00:01:30 (860 turns).

M4edhros the Insei (Octopode Artificer)              Turns: 860, Time: 00:01:30

Health: -1/33      AC:  1    Str: 11    XL:     5   Next: 48%
Magic:  5/5        EV: 13    Int: 14    God:
Gold:   69         SH:  0    Dex: 14    Spells: 4/4 levels left

rFire   . . .      SeeInvis .      - Unarmed
rCold   . . .      Faith    .    (no shield)
rNeg    . . .      Spirit   .    (helmet restricted)
rPois   .          Reflect  .    (no amulet)
rElec   .          Harm     .    (no ring)
rCorr   .          Rampage  .    (no ring)
Will    .....                    (no ring)
Stlth   ++++                     (no ring)
HPRegen 0.25/turn                (no ring)
MPRegen 0.09/turn                (no ring)
                                 (no ring)
                                 (no ring)

@: lethally poisoned (-1 -> -30), slowed, very slow
A: almost no armour, amphibious, 8 rings, camouflage 1, gelatinous body 1,
nimble swimmer 1, tentacles
a: no special abilities


You were in a sewer.
You visited 1 branch of the dungeon, and saw 3 of its levels.
You also visited: Sewer.

You collected 69 gold pieces.

Inventory:

Jewellery
 j - a ring of magical power
Wands
 b - a wand of flame (8) (quivered)
 c - a wand of charming (13)
 d - a wand of iceblast (5)
Scrolls
 e - 2 scrolls of teleportation {unknown}
 g - 2 scrolls of identify {unknown}
Potions
 a - a potion of degeneration {unknown}
 f - a potion of brilliance {unknown}
 h - a potion of curing
 i - a potion of lignification {unknown}
 k - a potion of heal wounds {unknown}


   Skills:
 - Level 1.0 Fighting
 + Level 2.4 Dodging
 - Level 1.3 Stealth
 - Level 5.0 Unarmed Combat
 - Level 3.2 Evocations


You had 4 spell levels left.
You didn't know any spells.
Your spell library was empty.

Dungeon Overview and Level Annotations

Branches:
Dungeon (4/15)              Sewer (1/1)
 Temple: D:4-7

Altars:


Innate Abilities, Weirdness & Mutations

You cannot wear most types of armour.
You are amphibious.
You can wear up to eight rings at the same time.
Your skin changes colour to match your surroundings (Stealth+).
Your rubbery body absorbs attacks. (AC +1, EV +1)
You are camouflaged when in or above water. (Stealth+)
You have tentacles for arms and can constrict up to eight enemies at once.


Message History

You feel as though you will be slow longer.
The kobold brigand throws a curare-tipped dart.
The curare-tipped dart hits your kobold brigand.
Your kobold brigand is poisoned.
Your kobold brigand convulses.
Your kobold brigand seems to slow down.
It was a potion of curing.
You feel better. What are your orders? t - Shout!
Orders for allies: a - Attack new target. p - Attack previous target. r - Retreat! s - Stop attacking. g - Guard the area. f - Follow me.
Anything else - Cancel.
Guard this area!
The kobold brigand hits your kobold brigand with a +0 club.
Your kobold brigand hits the kobold brigand with a +0 short sword.
The kobold brigand closely misses your kobold brigand.
Your kobold brigand hits the kobold brigand with a +0 short sword!
The kobold brigand hits your kobold brigand but does no damage.
The kobold brigand throws a curare-tipped dart.
The curare-tipped dart hits your kobold brigand.
Your kobold brigand looks as sick as possible!
Your kobold brigand convulses.
Your kobold brigand seems to be slow for longer.
Your kobold brigand closely misses the kobold brigand.
The kobold brigand closely misses your kobold brigand.
Your kobold brigand hits the kobold brigand with a +0 short sword!
The kobold brigand misses your kobold brigand.
Your kobold brigand closely misses the kobold brigand.
Your kobold brigand dies!
You hear a splash. x2
The kobold brigand throws a curare-tipped dart.
The curare-tipped dart hits you.
You are poisoned.
You have difficulty breathing.
You feel as though you will be slow longer.
The kobold brigand throws a curare-tipped dart.
The curare-tipped dart hits you.
You are more poisoned.
You have difficulty breathing.
You die...

~~.~.~~~~..∩.~≈≈≈≈
...†~####.~.~.####
#~..## ##.~.##### ##~##
##≈####~## #~#
#≈###.!.## #~# #≈# .!∩?~
#~# #≈# .K. ##~## ##≈##
#)# #...## ##~~.###@# ~
.~..~####.....##≈##~..~
.....≈≈≈≈.~~.~≈≈≈≈≈~~∩.~
~†~..####.....#####~.~..
#~..## ##...## ~.~#
##### ##~## ~## #~# #
#~# #~#


You could see a kobold brigand.

Vanquished Creatures
  An orc priest (D:4)
  4 river rats (D:4)
  7 adders
  2 worms (D:4)
  A dart slug (D:1)
  3 orcs (D:4)
  An endoplasm (D:2)
  A giant cockroach (D:1)
  2 goblins
  3 hobgoblins
  2 ball pythons (D:1)
  2 kobolds
  4 rats
33 creatures vanquished.

Vanquished Creatures (others)
  A kobold brigand (Sewer)
1 creature vanquished.

Grand Total: 34 creatures vanquished

Notes
Turn   | Place    | Note
-------+----------+-------------------------------------------
     0 | D:1      | M4edhros the Octopode Artificer began the quest for the
                  | Orb.
     0 | D:1      | Reached XP level 1. HP: 13/13 MP: 1/1
    41 | D:1      | Reached skill level 1 in Unarmed Combat
   112 | D:1      | Reached XP level 2. HP: 5/18 MP: 2/2
   263 | D:2      | Reached skill level 2 in Unarmed Combat
   402 | D:2      | You fall into a shaft and drop 2 floors!
   448 | D:4      | Reached XP level 3. HP: 23/23 MP: 3/3
   453 | D:4      | Reached skill level 3 in Unarmed Combat
   453 | D:4      | Reached XP level 4. HP: 13/28 MP: 4/4
   613 | D:4      | Reached skill level 4 in Unarmed Combat
   629 | D:4      | Reached XP level 5. HP: 18/33 MP: 5/5
   667 | D:4      | Found a glowing drain.
   761 | Sewer    | Entered a sewer
   807 | Sewer    | Reached skill level 5 in Unarmed Combat
   848 | Sewer    | Noticed a kobold brigand
   849 | Sewer    | Noticed a kobold brigand
   860 | Sewer    | Asphyxiated

Illustrated notes

Levels and vault maps discovered:
D:1:      lemuel_arrival_funnel, layout_basic
D:2:      layout_basic
D:4:      minmay_evil_eye, layout_loops_ring, lemuel_round_altar,
          bloody_makhleb, lightli_sewer_entry_pipes
Sewer:    sewer_co_15_rooms

Skill      XL: |  1  2  3  4  5 |
---------------+----------------+-----
Unarmed Combat | 1 2 3 4 5 |  5.0
Fighting       | |  1.0
Dodging        | |  2.4
Stealth        | |  1.3
Evocations     | |  3.2

Action                     |  1- 3 |  4- 6 || total
---------------------------+-------+-------++-------
  Melee: Unarmed           |    31 |    42 ||    73
         Constrict         |     8 |    12 ||    20
         Tentacles         |     5 |    11 ||    16
         Punch             |     1 |     2 ||     3
  Evoke: Wand              |     3 |     6 ||     9
    Use: Potion            |       |     1 ||     1
   Stab: Sleeping          |     1 |     5 ||     6
 Armour: Skin              |     1 |     2 ||     3
  Dodge: Dodged            |    23 |    20 ||    43

Table legend: (Time is in decaauts)
 A = Elapsed time spent in this place.
 B = Non-inter-level travel time spent in this place.
 C = Inter-level travel time spent in this place.
 D = Time resting spent in this place.
 E = Time spent auto-exploring this place.
 F = Levels seen in this place.
 G = Mean time per level.
                   A        B        C        D        E       F      G
               +--------+--------+--------+--------+--------+-----+--------+
         Total |    858 |    836 |     22 |     82 |    476 |   4 |  214.5 |
       Dungeon |    757 |    735 |     22 |     82 |    415 |   3 |  252.3 |
         Sewer |    101 |    101 |      0 |      0 |     61 |   1 |  101.0 |
               +--------+--------+--------+--------+--------+-----+--------+

Top non-repeatable levels by time:
     D:4: 355 daAuts
     D:2: 280 daAuts
     D:1: 121 daAuts
   Sewer: 101 daAuts
